 Dungeon Crawl Stone Soup version 0.28.0-62-gf88900778d (webtiles) character file.

Game seed: 16833316575555849177

78 infinitevox the Stinger (level 4, -2/31 HPs)
             Began as a Demonspawn Wanderer on May 2, 2023.
             Was a Follower of Qazlal.
             Slain by an orc wizard
             ... wielding a +0 dagger
              (3 damage)
             ... on level 3 of the Dungeon.
             The game lasted 00:07:57 (1704 turns).

infinitevox the Stinger (Demonspawn Wanderer)       Turns: 1704, Time: 00:07:58

Health: -2/31      AC:  6    Str: 13    XL:     4   Next: 15%
Magic:  5/5        EV: 10    Int: 13    God:    Qazlal [*.....]
Gold:   97         SH:  0    Dex: 14    Spells: 4/5 levels left

rFire   + . .      SeeInvis .   n - +0 dagger (speed)
rCold   . . .      Faith    .   (no shield)
rNeg    . . .      Spirit   .   e - +1 ring mail {rF+}
rPois   .          Reflect  .   (helmet restricted)
rElec   .          Harm     .   (no cloak)
rCorr   .          Rampage  .   (no gloves)
Will    .....                   (no boots)
Stlth   ..........              (no amulet)
HPRegen 0.10/turn               (no ring)
MPRegen 0.09/turn               (no ring)

@: confused
A: antennae 1, demonic guardian 1
a: Renounce Religion


You were on level 3 of the Dungeon.
You worshipped Qazlal.
Qazlal was aware of your devotion.
You visited 1 branch of the dungeon, and saw 3 of its levels.

You collected 97 gold pieces.

Inventory:

Hand Weapons
 a - a +0 vorpal hunting sling
 m - a +0 rapier
 n - a +0 dagger of speed (weapon)
Missiles
 d - 14 poisoned darts
 l - 50 stones
Armour
 e - a +1 ring mail of fire resistance (worn)
Scrolls
 f - 2 scrolls of teleportation {unknown}
 g - 4 scrolls of identify {unknown}
 h - a scroll of blinking {unknown}
 i - a scroll of magic mapping {unknown}
 k - a scroll of silence {unknown}
Miscellaneous
 c - a piece from Xom's chessboard (15/15)


   Skills:
 + Level 0.7 Fighting
 - Level 3.0 Slings
 + Level 0.4 Dodging
 - Level 2.0 Stealth
 - Level 1.0 Spellcasting
 * Level 3.1 Poison Magic
 - Level 3.0 Evocations


You had 4 spell levels left.
You knew the following spells:

 Your Spells              Type           Power      Damage    Failure   Level
a - Sting                 Tmut/Pois      16%        1d3       32%         1

Your spell library contained the following spells:

 Spells                   Type           Power      Damage    Failure   Level
 Mephitic Cloud           Conj/Pois/Air  3%         N/A       77%         3
 Portal Projectile        Hex/Tloc       0%         N/A       88%         3
 Blade Hands              Tmut           0%         N/A       100%        5
 Excruciating Wounds      Necr           0%         N/A       100%        5


Dungeon Overview and Level Annotations

Branches:
Dungeon (3/15)

Altars:
Qazlal

Shops:
D:2 (


Innate Abilities, Weirdness & Mutations

You have a pair of small antennae on your head.
A weak demonic guardian rushes to your aid.


Message History

You barely miss something. Something hits you.
You completely miss something. Something hits you.
* * * LOW HITPOINT WARNING * * *
Something hits you but does no damage.
There is an escape hatch in the ceiling here.
You're too confused to move!
Something hits you.
* * * LOW HITPOINT WARNING * * *
You bump into the rock wall.
You hear some strange, mumbled words.
A puff of flame appears from out of thin air!
The puff of flame hits you. You resist.
* * * LOW HITPOINT WARNING * * *
You closely miss something.
You bump into the rock wall.
Something hits you.
* * * LOW HITPOINT WARNING * * *
A demonic guardian appears!
You barely miss something. Your punch misses something.
You feel less confused. Something hits you.
* * * LOW HITPOINT WARNING * * *
You closely miss something.
Your shadow imp misses something.
Something hits you but does no damage.
You hit something but do no damage.
Your shadow imp misses something.
You miss something.
You hear some strange, mumbled words.
A magic dart appears from out of thin air!
The magic dart hits you.
* * * LOW HITPOINT WARNING * * *
You aren't carrying any potions.
Unknown command.
You miss something.
Your shadow imp barely misses something.
You hear some strange, mumbled words.
You are confused.
Your shadow imp misses something.
You hear some strange, mumbled words.
Something tries to affect you, but you resist.
Your shadow imp closely misses something.
Something hits you.
You die...

#.# #.# #....
##.###.# 8....
###...##.## .#.#
#...#..(..#
#......#...##.##
#.#######.###.#
#.# #.#### #.#
#....## #.#
####@.# #.# #{##
#.######5#
#......#(#
######.##( ..
#.# #{ #..#
############.#
.( #<.## ####
.............#
.###...####...
.........#####
.. ......##.##


You could see a friendly shadow imp (summoned).

Vanquished Creatures
  An orc wizard (D:3)
  An adder (D:3)
  2 worms (D:1)
  2 orcs (D:3)
  7 ball pythons
  2 bats
  3 endoplasms
  5 goblins
  4 hobgoblins
  3 frilled lizards
  2 kobolds
  3 rats (D:3)
35 creatures vanquished.

Notes
Turn   | Place    | Note
-------+----------+-------------------------------------------
     0 | D:1      | infinitevox the Demonspawn Wanderer began the quest for the
                  | Orb.
     0 | D:1      | infinitevox set off with the following items: a +0 vorpal
                  | hunting sling, 20 sling bullets, a piece from Xom's
                  | chessboard (15/15), a +0 robe; and the following spell
                  | memorised: Sting; and the following spells available to
                  | memorise: Mephitic Cloud
     0 | D:1      | Reached XP level 1. HP: 13/13 MP: 2/2
   284 | D:1      | Gained mutation: You have a pair of small antennae on your
                  | head. [demonic ancestry]
   284 | D:1      | Reached XP level 2. HP: 19/19 MP: 3/3
  1045 | D:2      | Reached XP level 3. HP: 24/24 MP: 4/4
  1064 | D:2      | Found a faded altar of an unknown god.
  1072 | D:2      | Prayed at the altar of an unknown god.
  1072 | D:2      | Became a worshipper of Qazlal Stormbringer
  1072 | D:2      | Reached * piety under Qazlal
  1113 | D:2      | Found Jaunwe's Weapon Shoppe.
  1673 | D:3      | Gained mutation: A weak demonic guardian rushes to your
                  | aid. [demonic ancestry]
  1673 | D:3      | Reached XP level 4. HP: 31/31 MP: 5/5
  1701 | D:3      | HP: 1/31 [something/magic dart (2)]
  1704 | D:3      | Slain by an orc wizard

Illustrated notes

Levels and vault maps discovered:
D:1:      minmay_arrival_stair_chambers, layout_basic, nicolae_wormholes
D:2:      layout_rooms, serial_shops, nicolae_shop_behind_doors,
          ebering_ecumenical_altar_petrified
D:3:      layout_loops_ring, kennysheep_orc_sif_temple

Skill      XL: |  1  2  3 |
---------------+----------+-----
Slings         | 2 3 |  3.0
Stealth        | 2 |  2.0
Poison Magic   | 3 |  3.1
Fighting       | |  0.7
Dodging        | |  0.4
Spellcasting   | |  1.0
Evocations     | |  3.0

Action                   |  1- 3 |  4- 6 || total
-------------------------+-------+-------++-------
Melee: Dagger            |     3 |    13 ||    16
 Fire: Hunting sling     |    96 |     9 ||   105
  Use: Potion            |     1 |       ||     1
Armor: Ring mail         |    17 |     8 ||    25
Dodge: Dodged            |    15 |       ||    15
